 Dungeon Crawl Stone Soup version 0.27-a0-1219-g958d993ae5 (webtiles) character file.

Game seed: 6732630751045025018

2 tilp the Caller (level 1, -1/15 HPs)
             Began as a Barachi Summoner on June 6, 2021.
             Slain by a rat (3 damage)
             ... on level 1 of the Dungeon.
             The game lasted 00:00:58 (158 turns).

tilp the Caller (Barachi Summoner)                   Turns: 158, Time: 00:00:59

Health: -1/15      AC:  2    Str:  9    XL:     1   Next: 40%
Magic:  0/3        EV: 12    Int: 15    God:
Gold:   12         SH:  0    Dex: 12    Spells: 3/4 levels left

rFire    . . .     SeeInvis .   a - +0 whip
rCold    . . .     Faith    .   (no shield)
rNeg     . . .     Spirit   .   b - +0 robe
rPois    .         Reflect  .   (no helmet)
rElec    .         Harm     .   (no cloak)
rCorr    .         Rampage  .   (no gloves)
Will     .....                  (no boots)
Stlth    ++........             (no amulet)
HPRegen  0.05/turn              (no ring)
MPRegen  0.08/turn              (no ring)

@: unable to hop, slow
A: amphibious, slowness 1, strong legs 1, +LOS
a: Hop


You were on level 1 of the Dungeon.
You visited 1 branch of the dungeon, and saw 1 of its levels.

You collected 12 gold pieces.

Inventory:

Hand Weapons
 a - a +0 whip (weapon)
Armour
 b - a +0 robe (worn)


   Skills:
 + Level 1.0 Fighting
 - Level 2.1 Dodging
 - Level 1.7 Stealth
 - Level 2.1 Spellcasting
 - Level 4.8 Summonings


You had 3 spell levels left.
You knew the following spells:

 Your Spells              Type           Power      Damage    Failure   Level
a - Summon Small Mammal   Summ           64%        N/A       3%          1

Your spell library contained the following spells:

 Spells                   Type           Power      Damage    Failure   Level
 Call Imp                 Summ           16%        N/A       4%          2
 Call Canine Familiar     Summ           16%        N/A       9%          3
 Summon Guardian Golem    Hex/Summ       8%         N/A       24%         3
 Summon Ice Beast         Ice/Summ       8%         N/A       63%         4
 Summon Lightning Spire   Summ/Air       8%         N/A       63%         4


Dungeon Overview and Level Annotations

Branches:
Dungeon (1/15)

Altars:


Innate Abilities, Weirdness & Mutations

You are amphibious.
You cover ground slowly.
You can hop short distances.
You have an extended range of vision and can be seen from far away.


Message History

Your bat hits the kobold. The kobold closely misses your bat.
Your bat misses the kobold.
You swap places.
A goblin comes into view. It is wielding a +0 club.
Something closely misses your bat. The rat bites your bat.
Your bat dies!
Your bat's corpse disappears in a puff of smoke!
Your rat bites the kobold.
The kobold dies!
Your Fighting skill increases to level 1!
A bat comes into view.
The rat barely misses your rat.
A frilled lizard comes into view.
The goblin shouts!
A bat comes into view.
Your rat closely misses the kobold.
The bat moves out of view.
The frilled lizard hisses angrily.
You closely miss the kobold.
The kobold is moderately wounded.
The bat hits you but does no damage. The kobold hits you with a +0 whip.
Your rat closely misses the kobold.
The goblin misses your rat.
You closely miss the rat. The bat hits you.
* * * LOW HITPOINT WARNING * * *
The ball python closely misses your rat.
The ball python barely misses your rat. The kobold hits you but does no damage.
The rat bites you.
* * * LOW HITPOINT WARNING * * *
Your rat bites the kobold but does no damage.
The goblin misses your rat. The ball python bites your rat.
Your rat dies!
Your rat's corpse disappears in a puff of smoke!
The kobold hits you with a +0 whip.
* * * LOW HITPOINT WARNING * * *
The bat hits you.
* * * LOW HITPOINT WARNING * * *
Casting: Summon Small Mammal (safe; 3% risk of failure)
Confirm with . or Enter, or press ? or * to list all spells.
The bat barely misses you. The kobold barely misses you. The rat bites you.
You die...

...########......#.# .
..... #......#.#####
....###.............
..........K...#.....
...........KS....... ...
###...#)###........
....#+###...#.###........
.........g..#............
.......l@KSĀ§.............
.........rg..............
####..r##b...............
.....................##.
##.......##.......#......
#....... #.......#......
+....... #.......# .....
#....... #.....#.# ....
........ ......#.# ...


You could see 2 goblins, a bat, a ball python, a kobold, a frilled lizard (ally
target), a rat and a friendly rat (summoned).

Vanquished Creatures
  A rat (D:1)
1 creature vanquished.

Vanquished Creatures (collateral kills)
  3 kobolds (D:1)
3 creatures vanquished.

Grand Total: 4 creatures vanquished

Notes
Turn   | Place    | Note
-------+----------+-------------------------------------------
     0 | D:1      | tilp the Barachi Summoner began the quest for the Orb.
     0 | D:1      | Reached XP level 1. HP: 13/13 MP: 3/3
   151 | D:1      | Reached skill level 1 in Fighting
   158 | D:1      | Slain by a rat

Illustrated notes

Levels and vault maps discovered:
D:1:      onia_arrival_mini_maze_b, layout_basic, shapermc_ecumenical_altar_gd,
          fountainhead

Skill      XL: |  1 |
---------------+----+-----
Fighting       | 1 |  1.0
Dodging        | |  2.1
Stealth        | |  1.7
Spellcasting   | |  2.1
Summonings     | |  4.8

Action                   || total
-------------------------++-------
Melee: Whip              ||     6
 Cast: Summon Small Mamm ||     9
 Abil: Hop               ||     1
Armor: Robe              ||     2
Dodge: Dodged            ||    11

Table legend: (Time is in decaauts)
 A = Elapsed time spent in this place.
 B = Non-inter-level travel time spent in this place.
 C = Inter-level travel time spent in this place.
 D = Time resting spent in this place.
 E = Time spent auto-exploring this place.
 F = Levels seen in this place.
 G = Mean time per level.
                   A        B        C        D        E       F      G
               +--------+--------+--------+--------+--------+-----+--------+
         Total |    180 |    180 |      0 |     16 |     87 |   1 |  180.0 |
       Dungeon |    180 |    180 |      0 |     16 |     87 |   1 |  180.0 |
               +--------+--------+--------+--------+--------+-----+--------+

Top non-repeatable levels by time:
     D:1: 180 daAuts
